 Dungeon Crawl Stone Soup version 0.29-a0-1039-gfc20370e89 (webtiles) character file.

Game seed: 17657801567950875168

1717 27heaven the Carver (level 8, -3/56 (63) HPs)
             Began as a Grey Draconian Fighter on Aug 15, 2022.
             Was a Believer of Uskayaw.
             Slain by a wight
             ... wielding a +4 halberd
              (9 damage)
             ... on level 6 of the Dungeon.
             The game lasted 00:06:03 (5972 turns).

27heaven the Carver (Grey Draconian Fighter)        Turns: 5972, Time: 00:06:04

HP:   -3/56 (63)    AC: 13    Str: 21    XL:     8   Next: 74%
MP:   4/8           EV: 11    Int:  9    God:    Uskayaw [**....]
Gold: 357           SH:  4    Dex: 10    Spells: 7/7 levels left

rFire   . . .      SeeInvis .   a - +0 long sword
rCold   . . .      Faith    +   b - +0 buckler
rNeg    . . .      Spirit   .   (body armour unavailable)
rPois   .          Reflect  .   (helmet restricted)
rElec   .          Harm     .   t - +0 cloak
rCorr   .          Rampage  .   s - +0 pair of gloves
Will    .....                   (no boots)
Stlth   +.........              d - amulet of faith
HPRegen 0.18/turn               (no ring)
MPRegen 0.11/turn               (no ring)

@: heavily drained
A: AC +11, amphibious, unfitting armour, cold-blooded
a: Renounce Religion, Stomp, Line Pass


You were on level 6 of the Dungeon.
You worshipped Uskayaw.
Uskayaw was noncommittal.
You visited 1 branch of the dungeon, and saw 6 of its levels.

You collected 357 gold pieces.

Inventory:

Hand Weapons
 a - a +0 long sword (weapon)
Armour
 b - a +0 buckler (worn)
 s - a +0 pair of gloves (worn)
 t - a +0 cloak (worn)
Jewellery
 d - an amulet of faith (around neck)
 j - a ring of magical power
 v - an amulet of the acrobat
Wands
 c - a wand of flame (4)
 w - a wand of digging (2)
 y - a wand of polymorph (12)
Scrolls
 f - a scroll of butterflies {unknown}
 g - 2 scrolls of enchant weapon {unknown}
 h - a scroll of noise {unknown}
 i - 2 scrolls of torment {unknown}
 k - a scroll of fear {unknown}
 l - 4 scrolls of teleportation {unknown}
 m - a scroll of poison {unknown}
 o - 4 scrolls of identify {unknown}
 p - 2 scrolls of vulnerability {unknown}
 A - 2 scrolls of blinking {unknown}
Potions
 e - 2 potions of flight {unknown}
 n - a potion of ambrosia {unknown}
 q - a potion of mutation {unknown}
 r - a potion of brilliance {unknown}
 u - 2 potions of degeneration {unknown}
 x - a potion of attraction {unknown}
 z - a potion of curing


   Skills:
 - Level 3.2 Fighting
 + Level 11.4 Long Blades
 - Level 2.6 Dodging
 - Level 3.0 Shields


You had 7 spell levels left.
You didn't know any spells.
Your spell library contained the following spells:

 Spells                   Type           Power      Damage    Failure   Level
 Shock                    Conj/Air       0%         1d3       47%         1
 Ensorcelled Hibernation  Hex/Ice        0%         N/A       63%         2
 Spider Form              Tmut/Pois      0%         N/A       85%         3
 Swiftness                Air            0%         N/A       85%         3
 Airstrike                Air            0%         2d(0-16)  99%         4
 Anguish                  Hex/Necr       0%         N/A       99%         4


Dungeon Overview and Level Annotations

Branches:
Dungeon (6/15)
 Temple: D:4-7

Altars:
Uskayaw
Wu Jian
Xom
Zin
The Shining One

Shops:
D:1 :   D:3 *


Innate Abilities, Weirdness & Mutations

Your dull iron-grey scales are very hard. (AC +11)
You are amphibious.
You cannot fit into any form of body armour.
You are cold-blooded and may be slowed by cold attacks.


Message History

You barely miss the wight.
Your tail-slap misses the wight.
The wight is moderately damaged.
The wight hits you but does no damage.
You barely miss the wight.
The wight is moderately damaged.
The wight hits you but does no damage.
You slash the wight!
The wight is severely damaged.
You barely miss the wight.
Your tail-slap misses the wight.
The wight is severely damaged.
You block the wight's attack.
You slash the wight!
You destroy the wight!
You can now pass through a line of other dancers.
Aiming: Line Pass
Press: ? - help, Dir - move target The wight appears confused. x2
You can no longer pass through a line of other dancers.
You barely miss the wight. The wight closely misses you. The wight misses you.
You hit the wight but do no damage. You tail-slap the wight.
The wight is moderately damaged.
The wight seems less confused. x2; You block the wight's attack.
The wight hits you with a +0 hand axe.
* * * LOW HITPOINT WARNING * * *
You can now pass through a line of other dancers.
The wight attacks as you move away! The wight barely misses you.
The wight attacks as you move away! The wight misses you.
The wight hits you from afar with a +4 halberd.
* * * LOW HITPOINT WARNING * * *
You feel drained. The wight attacks as you move away!
The wight hits you but does no damage. The wight hits you with a +0 hand axe.
* * * LOW HITPOINT WARNING * * *
The wight attacks as you move away!
The wight hits you but does no damage. x2
There is a stone staircase leading up here.
The wight barely misses you. The wight hits you with a +0 flail.
* * * LOW HITPOINT WARNING * * *
You feel drained. The wight closely misses you.
The wight hits you from afar with a +4 halberd!
You die...

.........†zz.z....#
.......z###...........
....###.###.......#...
... #...######### ..
..#######.### .
.......##...#####
#..).......#
####....z..# #...zz@.#
#....z..# #.......#
#########


You could see 4 wights.

Vanquished Creatures
  Pikel (D:5)
  Sigmund (D:3)
  A water moccasin (D:5)
  2 black bears
  2 ogres
  A necrophage (D:5)
  4 scorpions
  A wight (D:6)
  A jelly (D:5)
  An orc priest (D:4)
  A hound (D:4)
  2 iguanas (D:5)
  Robin (D:3)
  6 adders
  A worm (D:2)
  2 dart slugs
  14 orcs
  9 ball pythons
  2 bats (D:3)
  8 endoplasms
  3 giant cockroaches
  17 goblins
  6 hobgoblins
  2 jackals (D:4)
  4 quokkas
  2 frilled lizards (D:2)
  3 kobolds
  6 rats
104 creatures vanquished.

Notes
Turn   | Place    | Note
-------+----------+-------------------------------------------
     0 | D:1      | 27heaven the Draconian Fighter began the quest for the Orb.
     0 | D:1      | Reached XP level 1. HP: 19/19 MP: 1/1
    50 | D:1      | Found Zinut's Book Shop.
   115 | D:1      | Reached XP level 2. HP: 16/26 MP: 2/2
   303 | D:1      | Reached skill level 3 in Long Blades
  1100 | D:2      | Found a shimmering altar of Xom.
  1416 | D:2      | Reached XP level 3. HP: 31/31 MP: 3/3
  1773 | D:2      | Reached skill level 4 in Long Blades
  2204 | D:2      | Found a faded altar of an unknown god.
  2272 | D:2      | Prayed at the altar of an unknown god.
  2272 | D:2      | Became a worshipper of Uskayaw the Reveller
  2272 | D:2      | Reached * piety under Uskayaw
  2376 | D:3      | Found Yrehon's General Store.
  2378 | D:3      | Reached XP level 4. HP: 38/38 MP: 4/4
  2452 | D:3      | Noticed Sigmund
  2461 | D:3      | Reached ** piety under Uskayaw
  2464 | D:3      | Killed Sigmund
  2464 | D:3      | Reached *** piety under Uskayaw
  2465 | D:3      | Reached skill level 6 in Long Blades
  2465 | D:3      | Reached XP level 5. HP: 42/45 MP: 5/5
  2484 | D:3      | Noticed Robin
  2491 | D:3      | Killed Robin
  2508 | D:3      | Reached **** piety under Uskayaw
  2523 | D:3      | Reached ***** piety under Uskayaw
  2526 | D:3      | Reached XP level 6. HP: 38/51 MP: 6/6
  2735 | D:3      | Found an ornate altar of the Wu Jian Council.
  3015 | D:5      | Entered Level 5 of the Dungeon
  3227 | D:5      | Reached skill level 7 in Long Blades
  3614 | D:4      | Found a glowing golden altar of the Shining One.
  3669 | D:4      | Your scales start taking on a dull iron-grey colour.
  3669 | D:4      | Reached XP level 7. HP: 53/57 MP: 7/7
  3781 | D:4      | Reached skill level 8 in Long Blades
  4171 | D:4      | Found a glowing silver altar of Zin.
  4448 | D:5      | Reached skill level 9 in Long Blades
  4716 | D:5      | Noticed Pikel
  4738 | D:5      | Killed Pikel
  4739 | D:5      | Reached skill level 10 in Long Blades
  4739 | D:5      | Reached XP level 8. HP: 23/63 MP: 8/8
  5699 | D:5      | Reached skill level 11 in Long Blades
  5972 | D:6      | Slain by a wight

Illustrated notes

Levels and vault maps discovered:
D:1:      minmay_arrival_shoal_huts, layout_basic, serial_shops, shop
D:2:      layout_basic, basic_altar, ebering_ecumenical_altar_sacrificial
D:3:      layout_rooms, amcnicky_altar_gilded, serial_shops, shop, uniq_robin,
          uniq_sigmund
D:4:      layout_loops_cross, mainiacjoe_overflow_small_starburst,
          mainiacjoe_overflow_brackets
D:5:      layout_basic, uniq_pikel
D:6:      layout_rooms, lemuel_round_altar, uniq_edmund, uniq_prince_ribbit1

Skill      XL: |  1  2  3  4  5  6  7  8 |
---------------+-------------------------+-----
Long Blades    | 3 4 6 7 10 11 | 11.4
Fighting       | |  3.2
Dodging        | |  2.6
Shields        | |  3.0

Action                   |  1- 3 |  4- 6 |  7- 9 || total
-------------------------+-------+-------+-------++-------
Melee: Long sword        |   128 |   152 |   181 ||   461
       Tailslap          |     9 |     8 |    23 ||    40
Invok: Stomp             |       |     1 |       ||     1
       Line Pass         |       |       |     1 ||     1
  Use: Potion            |     1 |     2 |       ||     3
 Stab: Sleeping          |     1 |     1 |       ||     2
       Paralysed         |       |     3 |     4 ||     7
Armor: Skin              |    50 |   123 |    68 ||   241
Dodge: Dodged            |    77 |   127 |    81 ||   285
Block: Buckler           |    25 |    51 |    44 ||   120

Table legend: (Time is in decaauts)
 A = Elapsed time spent in this place.
 B = Non-inter-level travel time spent in this place.
 C = Inter-level travel time spent in this place.
 D = Time resting spent in this place.
 E = Time spent auto-exploring this place.
 F = Levels seen in this place.
 G = Mean time per level.
                   A        B        C        D        E       F      G
               +--------+--------+--------+--------+--------+-----+--------+
         Total |   6018 |   5933 |     85 |    169 |   4732 |   6 | 1003.0 |
       Dungeon |   6018 |   5933 |     85 |    169 |   4732 |   6 | 1003.0 |
               +--------+--------+--------+--------+--------+-----+--------+

Top non-repeatable levels by time:
     D:5: 1886 daAuts
     D:2: 1302 daAuts
     D:4: 1207 daAuts
     D:1: 1014 daAuts
     D:3: 542 daAuts
     D:6: 65 daAuts
